| TOP OF THE 1ST |
|
West Michigan Whitecaps batting - Pitching for Charleston RiverDogs : RHP Soh Kawashima
|
|
Pitching: RHP Soh Kawashima
|
|
|
Batting: RHB Travis Newton
|
0-0: Fly out, F6 (Line Drive, 6, EV 68.8 MPH)
|
|
Batting: RHB Mike Olsen
|
0-0: Ball 1-0: Ground out 4-3 (Groundball, 4, EV 86.3 MPH)
|
|
Batting: SHB Andy Vivas
|
0-0: Foul Ball, location: 2F 0-1: Ball 1-1: Foul Ball, location: 2F 1-2: Ball 2-2: Strikes out swinging
|
| Top of the 1st over - 0 runs, 0 hits, 0 errors, 0 left on base; West Michigan 0 - Charleston 0 |
| BOTTOM OF THE 1ST |
|
Charleston RiverDogs batting - Pitching for West Michigan Whitecaps : RHP Dave Frazier
|
|
Pitching: RHP Dave Frazier
|
|
|
Batting: RHB Luwen Storm
|
0-0: Ball 1-0: Called Strike 1-1: Foul Ball, location: 2F 1-2: Ball 2-2: Strikes out swinging
|
|
Batting: LHB Matt Steinke
|
0-0: Ball 1-0: Ball 2-0: Ball 3-0: Called Strike 3-1: Called Strike 3-2: Foul Ball, location: 2F 3-2: Fly out, F8 (Flyball, 8RD, EV 98.8 MPH)
|
|
Batting: RHB James Boynton
|
0-0: Called Strike 0-1: Ball 1-1: Foul Ball, location: 2F 1-2: Ball 2-2: Foul Ball, location: 2F 2-2: Ball 3-2: SINGLE (Groundball, 34S, EV 78.8 MPH) (infield hit)
|
|
Batting: SHB Reagan Dudley
|
0-0: Called Strike Pickoff Throw to First - Out! 1-3
|
| Bottom of the 1st over - 0 runs, 1 hit, 0 errors, 0 left on base; West Michigan 0 - Charleston 0 |
| TOP OF THE 2ND |
|
West Michigan Whitecaps batting - Pitching for Charleston RiverDogs : RHP Soh Kawashima
|
|
Batting: RHB Bill Cabrera
|
0-0: Ball 1-0: Ball 2-0: Fly out, F9 (Line Drive, 9, EV 91.9 MPH)
|
|
Batting: RHB Jon Pierce
|
0-0: Ball 1-0: Ball 2-0: Called Strike 2-1: Foul Ball, location: 2F 2-2: Foul Ball, location: 2F 2-2: Strikes out looking
|
|
Batting: RHB Victor Reyes
|
0-0: Ball 1-0: Called Strike 1-1: Ball 2-1: Ball 3-1: Called Strike 3-2: SINGLE (Groundball, 3, EV 103.1 MPH)
|
|
Batting: RHB Tommy McDonald
|
0-0: Fly out, F9 (Line Drive, 9, EV 86.9 MPH)
|
| Top of the 2nd over - 0 runs, 1 hit, 0 errors, 1 left on base; West Michigan 0 - Charleston 0 |
| BOTTOM OF THE 2ND |
|
Charleston RiverDogs batting - Pitching for West Michigan Whitecaps : RHP Dave Frazier
|
|
Batting: SHB Reagan Dudley
|
0-0: Ball 1-0: Called Strike 1-1: Ball 2-1: Ball 3-1: Base on Balls
|
|
Batting: SHB Mike Goad
|
0-0: Ball 1-0: Foul Ball, location: 2F 1-1: Called Strike 1-2: SINGLE (Groundball, P, EV 85.0 MPH) (infield hit) Reagan Dudley to second
|
|
Batting: LHB Eddie Ramirez
|
0-0: Ball 1-0: Ball 2-0: Ball 3-0: Called Strike 3-1: DOUBLE (Flyball, 8LXD, EV 108.8 MPH) Reagan Dudley scores Mike Goad to third
|
|
Batting: RHB Miguel Leal
|
0-0: Called Strike 0-1: Ball 1-1: Foul Ball, location: 2F 1-2: Ball 2-2: Foul Ball, location: 2F 2-2: Ground out 1-3 (Groundball, P, EV 69.4 MPH)
|
|
Batting: RHB Nick Massengale
|
0-0: Called Strike 0-1: Fly out, F8 (Line Drive, 8RD, EV 89.4 MPH) Runner from 3rd tags up, OUT at HOME! 8-2
|
| Bottom of the 2nd over - 1 run, 2 hits, 0 errors, 1 left on base; West Michigan 0 - Charleston 1 |
| TOP OF THE 3RD |
|
West Michigan Whitecaps batting - Pitching for Charleston RiverDogs : RHP Soh Kawashima
|
|
Batting: RHB Mike Patterson
|
0-0: Called Strike 0-1: Ball 1-1: DOUBLE (Line Drive, 8LXD, EV 98.1 MPH)
|
|
Batting: RHB Rocky Hart
|
0-0: Ground out 6-3 (Groundball, 6, EV 88.8 MPH)
|
|
Batting: RHB Travis Newton
|
0-0: Swinging Strike 0-1: Called Strike 0-2: Ball 1-2: Ball 2-2: Foul Ball, location: 2F 2-2: Ball 3-2: Foul Ball, location: 2F 3-2: Strikes out swinging
|
|
Batting: RHB Mike Olsen
|
0-0: Called Strike 0-1: Ground out 6-3 (Groundball, 56D, EV 80.0 MPH)
|
| Top of the 3rd over - 0 runs, 1 hit, 0 errors, 1 left on base; West Michigan 0 - Charleston 1 |
| BOTTOM OF THE 3RD |
|
Charleston RiverDogs batting - Pitching for West Michigan Whitecaps : RHP Dave Frazier
|
|
Batting: RHB Carlos Guadarrama
|
0-0: Ball 1-0: Foul Ball, location: 2F 1-1: Ball 2-1: Foul Ball, location: 2F 2-2: Foul Ball, location: 2F 2-2: Ground out 6-3 (Groundball, 6S, EV 78.1 MPH)
|
|
Batting: RHB Luwen Storm
|
0-0: Ball 1-0: Ball 2-0: SOLO HOME RUN (Flyball, 8RXD, EV 111.3 MPH), Distance : 465 ft
|
|
Batting: LHB Matt Steinke
|
0-0: Ball 1-0: Ball 2-0: Ball 3-0: Base on Balls
|
|
Batting: RHB James Boynton
|
0-0: Called Strike 0-1: Swinging Strike 0-2: Ball 1-2: Ball 2-2: Ball Matt Steinke is caught stealing 2nd base 2-4 3-2: Strikes out swinging
|
| Bottom of the 3rd over - 1 run, 1 hit, 0 errors, 0 left on base; West Michigan 0 - Charleston 2 |
| TOP OF THE 4TH |
|
West Michigan Whitecaps batting - Pitching for Charleston RiverDogs : RHP Soh Kawashima
|
|
Batting: SHB Andy Vivas
|
0-0: Ball 1-0: Foul Ball, location: 2F 1-1: SOLO HOME RUN (Line Drive, 78XD, EV 114.4 MPH), Distance : 460 ft
|
|
Batting: RHB Bill Cabrera
|
0-0: Swinging Strike 0-1: Foul Ball, location: 2F 0-2: Ball 1-2: Foul Ball, location: 2F 1-2: Ball 2-2: Foul Ball, location: 2F 2-2: Strikes out swinging
|
|
Batting: RHB Jon Pierce
|
0-0: Called Strike 0-1: Foul Ball, location: 5F, Error on foul ball, E5 0-2: Foul Ball, location: 2F 0-2: Fly out, F7 (Flyball, 7S, EV 73.8 MPH)
|
|
Batting: RHB Victor Reyes
|
0-0: Ball 1-0: Ball 2-0: Fly out, F3 (Popup, 3SF, EV 73.1 MPH)
|
| Top of the 4th over - 1 run, 1 hit, 1 error, 0 left on base; West Michigan 1 - Charleston 2 |
| BOTTOM OF THE 4TH |
|
Charleston RiverDogs batting - Pitching for West Michigan Whitecaps : RHP Dave Frazier
|
|
Batting: SHB Reagan Dudley
|
0-0: Ball 1-0: SINGLE (Groundball, 5S, EV 65.6 MPH) (infield hit)
|
|
Batting: SHB Mike Goad
|
Pickoff Throw to First - Out! 1-3 0-0: Hit by Pitch
|
|
Batting: LHB Eddie Ramirez
|
0-0: Called Strike 0-1: Ball Wild Pitch! Mike Goad to second 1-1: Ground out 6-3 (Groundball, 6M, EV 79.4 MPH) Mike Goad to third
|
|
Batting: RHB Miguel Leal
|
0-0: Called Strike 0-1: Ground out 5-3 (Groundball, 56, EV 91.3 MPH)
|
| Bottom of the 4th over - 0 runs, 1 hit, 0 errors, 1 left on base; West Michigan 1 - Charleston 2 |
| TOP OF THE 5TH |
|
West Michigan Whitecaps batting - Pitching for Charleston RiverDogs : RHP Soh Kawashima
|
|
Batting: RHB Tommy McDonald
|
0-0: Swinging Strike 0-1: Ball 1-1: Called Strike 1-2: Ball 2-2: Foul Ball, location: 2F 2-2: SOLO HOME RUN (Flyball, 78XD, EV 115.0 MPH), Distance : 462 ft
|
|
Batting: RHB Mike Patterson
|
0-0: Ball 1-0: Swinging Strike 1-1: Swinging Strike 1-2: Strikes out swinging
|
|
Batting: RHB Rocky Hart
|
0-0: SINGLE (Groundball, 34D, EV 110.0 MPH)
|
|
Batting: RHB Travis Newton
|
0-0: Ball 1-0: Swinging Strike 1-1: Foul Ball, location: 2F 1-2: Foul Ball, location: 2F 1-2: SINGLE (Groundball, 5, EV 101.3 MPH) (infield hit) Rocky Hart to second
|
|
Batting: RHB Mike Olsen
|
0-0: Ball 1-0: Ball 2-0: Called Strike 2-1: Ball 3-1: Called Strike 3-2: Foul Ball, location: 2F 3-2: 3-RUN HOME RUN (Flyball, 9LD, EV 91.9 MPH), Distance : 352 ft
|
|
Pitching: RHP Ruud Reintjens
|
|
|
Batting: SHB Andy Vivas
|
0-0: Swinging Strike 0-1: SINGLE (Groundball, 25, EV 76.9 MPH) (infield hit)
|
|
Batting: RHB Bill Cabrera
|
0-0: Called Strike 0-1: Foul Ball, location: 2F 0-2: Foul Ball, location: 2F 0-2: DOUBLE (Flyball, 78XD, EV 95.6 MPH) Andy Vivas to third
|
|
Batting: RHB Jon Pierce
|
0-0: Foul Ball, location: 2F 0-1: Foul Ball, location: 2F 0-2: Foul Ball, location: 2F 0-2: Ball 1-2: Ball 2-2: Ball 3-2: Strikes out swinging
|
|
Batting: RHB Victor Reyes
|
0-0: Ground out 4-3 (Groundball, 4M, EV 81.3 MPH)
|
| Top of the 5th over - 4 runs, 6 hits, 0 errors, 2 left on base; West Michigan 5 - Charleston 2 |
| BOTTOM OF THE 5TH |
|
Charleston RiverDogs batting - Pitching for West Michigan Whitecaps : RHP Dave Frazier
|
|
Batting: RHB Nick Massengale
|
0-0: Called Strike 0-1: Ground out 6-3 (Groundball, 6M, EV 113.1 MPH)
|
|
Batting: RHB Carlos Guadarrama
|
0-0: Fly out, F7 (Flyball, 78S, EV 87.5 MPH)
|
|
Batting: RHB Luwen Storm
|
0-0: Foul Ball, location: 2F 0-1: Ball 1-1: Foul Ball, location: 2F 1-2: Foul Ball, location: 2F 1-2: Foul Ball, location: 2F 1-2: SINGLE (Line Drive, 7S, EV 103.8 MPH)
|
|
Batting: LHB Matt Steinke
|
0-0: Ball Luwen Storm steals 2nd base (no throw) 1-0: Foul Ball, location: 2F 1-1: SINGLE (Groundball, 4, EV 103.1 MPH) Luwen Storm to third Runner from 3rd tries for Home, SAFE, throw by RF to home
|
|
Batting: RHB James Boynton
|
0-0: Foul Ball, location: 2F 0-1: SINGLE (Groundball, 56D, EV 105.6 MPH) Matt Steinke to second
|
|
Batting: SHB Reagan Dudley
|
0-0: Ball 1-0: Called Strike 1-1: Foul Ball, location: 2F 1-2: Foul Ball, location: 2F 1-2: DOUBLE (Flyball, 89XD, EV 100.0 MPH) Matt Steinke scores James Boynton to third Runner from 3rd tries for Home, SAFE, throw by CF to trailing runner, SAFE at third!
|
|
Pitching: RHP Bobby Kosmicki
|
|
|
Batting: SHB Mike Goad
|
0-0: Ball 1-0: SINGLE (Groundball, 34S, EV 68.1 MPH) (infield hit) Reagan Dudley scores
|
|
Batting: LHB Eddie Ramirez
|
0-0: Ball 1-0: Called Strike 1-1: Ball 2-1: Ball 3-1: Base on Balls Mike Goad to second
|
|
Batting: RHB Miguel Leal
|
0-0: Ball 1-0: Ball 2-0: Called Strike 2-1: Ball 3-1: SINGLE (Groundball, 6MD, EV 97.5 MPH) Mike Goad to third Eddie Ramirez to second
|
|
Batting: RHB Nick Massengale
|
0-0: Called Strike 0-1: Foul Ball, location: 2F 0-2: Ball 1-2: Ball 2-2: Foul Ball, location: 2F 2-2: Ball 3-2: Strikes out swinging
|
| Bottom of the 5th over - 4 runs, 6 hits, 0 errors, 3 left on base; West Michigan 5 - Charleston 6 |
| TOP OF THE 6TH |
|
West Michigan Whitecaps batting - Pitching for Charleston RiverDogs : RHP Ruud Reintjens
|
|
Batting: RHB Tommy McDonald
|
0-0: Ball 1-0: Ball 2-0: DOUBLE (Flyball, 78D, EV 100.0 MPH)
|
|
Batting: RHB Mike Patterson
|
0-0: Called Strike 0-1: Foul Ball, location: 2F 0-2: Fly out, F7 (Flyball, 78XD, EV 103.8 MPH) Runner from 2nd tags up, SAFE at 3rd, no throw by LF
|
|
Batting: RHB Rocky Hart
|
0-0: Called Strike 0-1: Called Strike 0-2: Foul Ball, location: 2F 0-2: Ball 1-2: SINGLE (Groundball, 56D, EV 103.1 MPH) Tommy McDonald scores
|
|
Batting: RHB Travis Newton
|
0-0: Ball Rocky Hart steals 2nd base 1-0: Ball 2-0: Called Strike 2-1: Ball 3-1: Swinging Strike 3-2: Strikes out swinging
|
|
Batting: RHB Mike Olsen
|
0-0: Ball 1-0: Foul Ball, location: 2F 1-1: 2-RUN HOME RUN (Flyball, 7LD, EV 99.4 MPH), Distance : 357 ft
|
|
Pitching: RHP Colin Stone
|
|
|
Batting: SHB Andy Vivas
|
0-0: DOUBLE (Groundball, 3L, EV 93.8 MPH)
|
|
Batting: RHB Bill Cabrera
|
0-0: Ball 1-0: Foul Ball, location: 2F 1-1: Ball 2-1: Called Strike 2-2: Ground out 4-3 (Groundball, 4, EV 106.9 MPH)
|
| Top of the 6th over - 3 runs, 4 hits, 0 errors, 1 left on base; West Michigan 8 - Charleston 6 |
| BOTTOM OF THE 6TH |
|
Charleston RiverDogs batting - Pitching for West Michigan Whitecaps : RHP Bobby Kosmicki
|
|
Batting: RHB Carlos Guadarrama
|
0-0: Ball 1-0: Ball 2-0: Called Strike 2-1: Ball 3-1: SINGLE (Groundball, 34D, EV 95.0 MPH)
|
|
Batting: RHB Luwen Storm
|
0-0: Ball 1-0: Foul Ball, location: 2F 1-1: Ball 2-1: Ground out 5-3 (Groundball, 5L, EV 81.3 MPH) Carlos Guadarrama to second
|
|
Pitching: LHP Neil Palazzo
|
|
|
Batting: RHB Tim Nordahl
|
0-0: Ball 1-0: DOUBLE (Groundball, 5L, EV 104.4 MPH) Carlos Guadarrama scores
|
|
Batting: RHB James Boynton
|
0-0: Called Strike 0-1: Ball 1-1: Ball 2-1: Foul Ball, location: 2F 2-2: Foul Ball, location: 2F 2-2: Foul Ball, location: 2F 2-2: Ground out 2-3 (Groundball, 13S, EV 61.3 MPH) Tim Nordahl to third
|
|
Batting: SHB Reagan Dudley
|
0-0: Ball 1-0: Foul Ball, location: 2F 1-1: Ball 2-1: Called Strike 2-2: Ball 3-2: Base on Balls
|
|
Batting: SHB Mike Goad
|
0-0: Foul Ball, location: 2F 0-1: Ground out 4-3 (Groundball, 4S, EV 88.1 MPH)
|
| Bottom of the 6th over - 1 run, 2 hits, 0 errors, 2 left on base; West Michigan 8 - Charleston 7 |
| TOP OF THE 7TH |
|
West Michigan Whitecaps batting - Pitching for Charleston RiverDogs : RHP Colin Stone
|
|
Batting: RHB Jon Pierce
|
0-0: Foul Ball, location: 2F 0-1: Fly out, F7 (Flyball, 7LS, EV 83.1 MPH)
|
|
Batting: RHB Victor Reyes
|
0-0: Ball 1-0: Called Strike 1-1: Ball 2-1: DOUBLE (Line Drive, 89M, EV 100.6 MPH)
|
|
Batting: RHB Tommy McDonald
|
0-0: Ball 1-0: SINGLE (Groundball, 6MD, EV 105.0 MPH) Victor Reyes to third
|
|
Batting: RHB Mike Patterson
|
0-0: SINGLE (Line Drive, 9S, EV 105.0 MPH) Victor Reyes scores Tommy McDonald to second
|
|
Batting: RHB Rocky Hart
|
0-0: Called Strike 0-1: Ball 1-1: Ball 2-1: Fly out, F8 (Line Drive, 8RD, EV 106.9 MPH)
|
|
Batting: RHB Travis Newton
|
0-0: Swinging Strike 0-1: Swinging Strike 0-2: Foul Ball, location: 2F 0-2: Ball 1-2: Strikes out looking
|
| Top of the 7th over - 1 run, 3 hits, 0 errors, 2 left on base; West Michigan 9 - Charleston 7 |
| BOTTOM OF THE 7TH |
|
Charleston RiverDogs batting - Pitching for West Michigan Whitecaps : LHP Neil Palazzo
|
|
Pitching: RHP David Esposito
|
|
|
Batting: LHB Eddie Ramirez
|
0-0: SINGLE (Flyball, 8RS, EV 98.1 MPH)
|
|
Batting: RHB Miguel Leal
|
0-0: Ball 1-0: Called Strike 1-1: Foul Ball, location: 2F 1-2: Foul Ball, location: 2F 1-2: Foul Ball, location: 2F 1-2: Fly out, F3 (Popup, 3SF, EV 73.8 MPH)
|
|
Batting: RHB Nick Massengale
|
0-0: Ball 1-0: Called Strike 1-1: Fly out, F6 (Popup, 6MS, EV 74.4 MPH)
|
|
Batting: RHB Carlos Guadarrama
|
0-0: Ball 1-0: Ball 2-0: Ball 3-0: Base on Balls Eddie Ramirez to second
|
|
Batting: RHB Luwen Storm
|
0-0: Called Strike 0-1: Called Strike 0-2: Ball 1-2: Foul Ball, location: 2F 1-2: Ball 2-2: Ground out 4-3 (Groundball, 4, EV 92.5 MPH)
|
| Bottom of the 7th over - 0 runs, 1 hit, 0 errors, 2 left on base; West Michigan 9 - Charleston 7 |
| TOP OF THE 8TH |
|
West Michigan Whitecaps batting - Pitching for Charleston RiverDogs : RHP Colin Stone
|
|
Batting: RHB Mike Olsen
|
0-0: Ball 1-0: Ball 2-0: Ball 3-0: Base on Balls
|
|
Batting: SHB Andy Vivas
|
0-0: Called Strike 0-1: Ball 1-1: Ball 2-1: Ball Wild Pitch! Mike Olsen to second 3-1: Ground out U3 (Groundball, 3, EV 99.4 MPH) Mike Olsen to third
|
|
Batting: RHB Bill Cabrera
|
0-0: Intentional Walk
|
|
Batting: RHB Jon Pierce
|
0-0: Ball 1-0: Called Strike 1-1: Fly out, F8 (Line Drive, 8LM, EV 85.0 MPH)
|
|
Batting: RHB Victor Reyes
|
0-0: Ball 1-0: Foul Ball, location: 2F 1-1: Ball 2-1: Fly out, F3 (Popup, 3SF, EV 70.6 MPH)
|
| Top of the 8th over - 0 runs, 0 hits, 0 errors, 2 left on base; West Michigan 9 - Charleston 7 |
| BOTTOM OF THE 8TH |
|
Charleston RiverDogs batting - Pitching for West Michigan Whitecaps : RHP David Esposito
|
|
Pitching: RHP Vince Stocker
|
|
|
Batting: RHB Tim Nordahl
|
0-0: SINGLE (Groundball, 34D, EV 95.0 MPH)
|
|
Batting: RHB James Boynton
|
0-0: Called Strike 0-1: Ball 1-1: Foul Ball, location: 2F 1-2: Ball 2-2: Foul Ball, location: 2F 2-2: Foul Ball, location: 2F 2-2: Fly out, F7 (Flyball, 78D, EV 103.1 MPH)
|
|
Batting: SHB Reagan Dudley
|
0-0: Foul Ball, location: 2F 0-1: Ball 1-1: Ball 2-1: Ball 3-1: Reached on error, E5 (Groundball, 6, EV 88.8 MPH) Tim Nordahl to second
|
|
Batting: SHB Mike Goad
|
0-0: Fly out, F9 (Flyball, 9D, EV 88.8 MPH) Runner from 2nd tags up, SAFE at 3rd, no throw by RF
|
|
Batting: LHB Eddie Ramirez
|
0-0: Called Strike 0-1: Ball Passed Ball! Tim Nordahl scores Reagan Dudley to second 1-1: Foul Ball, location: 2F 1-2: Ball 2-2: Foul Ball, location: 2F 2-2: Foul Ball, location: 2F 2-2: Foul Ball, location: 2F 2-2: Strikes out looking
|
| Bottom of the 8th over - 1 run, 1 hit, 1 error, 1 left on base; West Michigan 9 - Charleston 8 |
| TOP OF THE 9TH |
|
West Michigan Whitecaps batting - Pitching for Charleston RiverDogs : RHP Colin Stone
|
|
Pitching: RHP Gustavo Amparo
|
|
|
Batting: RHB Tommy McDonald
|
0-0: Ball 1-0: SINGLE (Groundball, 4D, EV 100.0 MPH)
|
|
Batting: RHB Mike Patterson
|
0-0: Ball 1-0: Grounds into double play, 5-4-3 (Groundball, 56, EV 92.5 MPH)
|
|
Batting: RHB Rocky Hart
|
0-0: Called Strike 0-1: Ball 1-1: Called Strike 1-2: Strikes out swinging
|
| Top of the 9th over - 0 runs, 1 hit, 0 errors, 0 left on base; West Michigan 9 - Charleston 8 |
| BOTTOM OF THE 9TH |
|
Charleston RiverDogs batting - Pitching for West Michigan Whitecaps : RHP Vince Stocker
|
|
Pitching: RHP Stacey Kerssies
|
|
|
Batting: RHB Miguel Leal
|
0-0: Ball 1-0: Called Strike 1-1: Swinging Strike 1-2: Foul Ball, location: 2F 1-2: Strikes out swinging
|
|
Pinch Hitting: RHB Brandon Lemay
|
0-0: Ball 1-0: Ball 2-0: Foul Ball, location: 2F 2-1: Swinging Strike 2-2: Ball 3-2: SINGLE (Groundball, 56D, EV 98.8 MPH)
|
|
Batting: RHB Carlos Guadarrama
|
0-0: Called Strike 0-1: Ball 1-1: Ball 2-1: Ball 3-1: Called Strike 3-2: Base on Balls Brandon Lemay to second
|
|
Batting: RHB Luwen Storm
|
0-0: Ball 1-0: Fly out, F8 (Flyball, 8LXD, EV 102.5 MPH) Runner from 2nd tags up, SAFE at 3rd, no throw by CF
|
|
Batting: RHB Tim Nordahl
|
0-0: Reached via error on a dropped throw from 1B, E1 (Groundball, 34, EV 78.1 MPH) Brandon Lemay scores Carlos Guadarrama to second
|
|
Batting: RHB James Boynton
|
0-0: Ball 1-0: Ball 2-0: Ball 3-0: Called Strike 3-1: Base on Balls Carlos Guadarrama to third Tim Nordahl to second
|
|
Batting: SHB Reagan Dudley
|
0-0: Ball 1-0: Called Strike 1-1: Called Strike 1-2: Strikes out swinging
|
| Bottom of the 9th over - 1 run, 1 hit, 1 error, 3 left on base; West Michigan 9 - Charleston 9 |
| TOP OF THE 10TH |
|
West Michigan Whitecaps batting - Pitching for Charleston RiverDogs : RHP Gustavo Amparo
|
|
Pitching: RHP Bruce Cruz
|
|
|
Now in RF: Tony Saenz
|
|
|
Batting: RHB Travis Newton
|
0-0: Ball 1-0: Ball 2-0: Foul Ball, location: 2F 2-1: Called Strike 2-2: Foul Ball, location: 2F 2-2: Foul Ball, location: 2F 2-2: Strikes out swinging
|
|
Batting: RHB Mike Olsen
|
0-0: Called Strike 0-1: Ball 1-1: Swinging Strike 1-2: Fly out, F7 (Flyball, 78M, EV 78.1 MPH)
|
|
Batting: SHB Andy Vivas
|
0-0: Foul Ball, location: 2F 0-1: Fly out, F8 (Line Drive, 8LD, EV 89.4 MPH)
|
| Top of the 10th over - 0 runs, 0 hits, 0 errors, 0 left on base; West Michigan 9 - Charleston 9 |
| BOTTOM OF THE 10TH |
|
Charleston RiverDogs batting - Pitching for West Michigan Whitecaps : RHP Stacey Kerssies
|
|
Pitching: LHP Chris Woodruff
|
|
|
Batting: SHB Mike Goad
|
0-0: Ball 1-0: Swinging Strike 1-1: Called Strike 1-2: Strikes out swinging
|
|
Batting: LHB Eddie Ramirez
|
0-0: Ball 1-0: Foul Ball, location: 2F 1-1: Foul Ball, location: 2F 1-2: Strikes out swinging
|
|
Batting: RHB Miguel Leal
|
0-0: Ball 1-0: Ball 2-0: Ball 3-0: Called Strike 3-1: Base on Balls
|
|
Batting: RHB Tony Saenz
|
0-0: Ball 1-0: Ball Miguel Leal is caught stealing 2nd base 2-4
|
| Bottom of the 10th over - 0 runs, 0 hits, 0 errors, 0 left on base; West Michigan 9 - Charleston 9 |
| TOP OF THE 11TH |
|
West Michigan Whitecaps batting - Pitching for Charleston RiverDogs : RHP Bruce Cruz
|
|
Batting: RHB Bill Cabrera
|
0-0: Ball 1-0: Ball 2-0: Fly out, F8 (Line Drive, 8RD, EV 93.1 MPH)
|
|
Batting: RHB Jon Pierce
|
0-0: Called Strike 0-1: Ball 1-1: Ball 2-1: Called Strike 2-2: Strikes out swinging
|
|
Batting: RHB Victor Reyes
|
0-0: Swinging Strike 0-1: Ball 1-1: Ball 2-1: Foul Ball, location: 2F 2-2: Ground out 5-3 (Groundball, 25, EV 90.0 MPH)
|
| Top of the 11th over - 0 runs, 0 hits, 0 errors, 0 left on base; West Michigan 9 - Charleston 9 |
| BOTTOM OF THE 11TH |
|
Charleston RiverDogs batting - Pitching for West Michigan Whitecaps : LHP Chris Woodruff
|
|
Batting: RHB Tony Saenz
|
0-0: Ball 1-0: Swinging Strike 1-1: Ball 2-1: Foul Ball, location: 2F 2-2: Foul Ball, location: 2F 2-2: Foul Ball, location: 2F 2-2: Ground out 5-3 (Groundball, 56, EV 90.0 MPH)
|
|
Batting: RHB Carlos Guadarrama
|
0-0: Ball 1-0: Ball 2-0: Called Strike 2-1: Called Strike 2-2: Ball 3-2: Foul Ball, location: 2F 3-2: Base on Balls
|
|
Batting: RHB Luwen Storm
|
0-0: Foul Ball, location: 2F 0-1: Ball 1-1: Bunt missed! 1-2: Ball 2-2: Foul Ball, location: 2F 2-2: Foul Ball, location: 2F 2-2: Ball 3-2: Ground out 5-3 (Groundball, 5S, EV 84.4 MPH) Carlos Guadarrama to second
|
|
Batting: RHB Tim Nordahl
|
0-0: Foul Ball, location: 2F 0-1: Ball 1-1: Fly out, F9 (Line Drive, 9, EV 90.6 MPH)
|
| Bottom of the 11th over - 0 runs, 0 hits, 0 errors, 1 left on base; West Michigan 9 - Charleston 9 |
| TOP OF THE 12TH |
|
West Michigan Whitecaps batting - Pitching for Charleston RiverDogs : RHP Bruce Cruz
|
|
Batting: RHB Tommy McDonald
|
0-0: Foul Ball, location: 2F 0-1: Ball 1-1: Foul Ball, location: 2F 1-2: Foul Ball, location: 2F 1-2: Ball 2-2: Ball 3-2: Foul Ball, location: 2F 3-2: Strikes out swinging
|
|
Batting: RHB Mike Patterson
|
0-0: Called Strike 0-1: Foul Ball, location: 2F 0-2: Ball 1-2: Ball 2-2: Foul Ball, location: 2F 2-2: Ball 3-2: Strikes out looking
|
|
Batting: RHB Rocky Hart
|
0-0: Ball 1-0: Ball 2-0: Called Strike 2-1: Foul Ball, location: 2F 2-2: Fly out, F8 (Flyball, 8RD, EV 96.3 MPH)
|
| Top of the 12th over - 0 runs, 0 hits, 0 errors, 0 left on base; West Michigan 9 - Charleston 9 |
| BOTTOM OF THE 12TH |
|
Charleston RiverDogs batting - Pitching for West Michigan Whitecaps : LHP Chris Woodruff
|
|
Batting: RHB James Boynton
|
0-0: Ball 1-0: Ball 2-0: Ball 3-0: Called Strike 3-1: Base on Balls
|
|
Batting: SHB Reagan Dudley
|
0-0: Ball 1-0: Swinging Strike 1-1: Called Strike 1-2: Foul Ball, location: 2F 1-2: Ball 2-2: Ground out 5-3 (Groundball, 56S, EV 65.6 MPH) James Boynton to second
|
|
Batting: SHB Mike Goad
|
0-0: Called Strike 0-1: Ball 1-1: DOUBLE (Flyball, 89XD, EV 101.9 MPH) James Boynton scores
|
| Bottom of the 12th over - 1 run, 1 hit, 0 errors, 0 left on base; West Michigan 9 - Charleston 10 |
| |
|
Game Over ... Charleston defeats West Michigan, 10 to 9
|
|
|